 Dungeon Sprint DCSS version 0.23.2-1-ga50397a6bc (webtiles) character file.

Game seed: 8922127790462606310

618 Kobolds4U the Imperceptible (level 7, -7/33 HPs)
             Began as a Spriggan Assassin on May 30, 2019.
             Was an Initiate of Okawaru.
             Mangled by a chaos spawn (11 damage)
             ... summoned by a kobold demonologist
             ... in the Dungeon (Sprint I: "Red Sonja").
             The game lasted 00:02:01 (240 turns).

Kobolds4U the Imperceptible (Spriggan Assassin)      Turns: 240, Time: 00:02:02

Health: -7/33      AC:  3    Str:  7    XL:     7   Next: 21%
Magic:  5/8        EV: 23    Int: 13    God:    Okawaru [......]
Gold:   417        SH:  0    Dex: 19    Spells: 6/6 levels left

rFire    . . .     SeeInvis +   a - +2 dagger
rCold    . . .     Gourm    .   (shield restricted)
rNeg     . . .     Faith    .   c - +0 robe
rPois    .         Spirit   .   (helmet restricted)
rElec    .         Reflect  .   d - +0 cloak
rCorr    .         Harm     .   (gloves unavailable)
MR       +....     NoTele   +   (boots unavailable)
Stlth    ++++++++..             (no amulet)
HPRegen  0.11/turn              (no ring)
MPRegen  0.11/turn              (no ring)

@: very quick
A: very small, unfitting armour, see invisible, herbivore, speed 3, slow
metabolism 2
a: Renounce Religion


You were in the Dungeon.
You worshipped Okawaru.
Okawaru was noncommittal.
You were not hungry.

You visited 1 branch You collected 417 gold pieces.

Inventory:

Hand Weapons
 a - a +2 dagger (weapon)
 b - a +0 blowgun
Missiles
 e - 7 poisoned needles
 f - 2 curare-tipped needles
Armour
 c - a +0 robe (worn)
 d - a +0 cloak (worn)
Scrolls
 m - 2 scrolls of blinking
Potions
 h - a potion of curing
 i - a potion of heal wounds
 j - a potion of haste
 k - 2 potions of magic
 l - a potion of berserk rage
Comestibles
 g - 2 rations


   Skills:
 - Level 1.5 Fighting
 - Level 2.1 Short Blades
 - Level 2.0 Throwing
 - Level 6.7 Dodging
 * Level 21.0 Stealth


You had 6 spell levels left.
You didn't know any spells.
Your spell library was empty.

Dungeon Overview and Level Annotations

Branches:
Dungeon (1/1)

Altars:
Cheibriados
Dithmenos
Elyvilon
Fedhas
Gozag
Hepliaklqana
Kikubaaqudgha
Makhleb
Nemelex Xobeh
Okawaru
Qazlal
Ru
Sif Muna
Trog
Uskayaw
Vehumet
Wu Jian
Xom
Yredelemnul
Zin
The Shining One
Jiyva
Lugonu

Shops:
D (


Innate Abilities, Weirdness & Mutations

You are very small and have problems with some larger weapons.
You are too small for most types of armour.
You have supernaturally acute eyesight. (SInv)
You are a herbivore.
You cover ground extremely quickly.
You need to consume almost no food.


Message History

The chaos spawn hits you! Strange energies run through your body.
You can move again.
Okay, then.
You hit the floating eye.
The floating eye is lightly wounded.
The kobold demonologist hits you but does no damage.
The kobold demonologist barely misses you.
You hit the floating eye.
The floating eye is heavily wounded.
The chaos spawn gores you!
* * * LOW HITPOINT WARNING * * *
You feel your power leaking away. The floating eye's view fixates on you.
You hit the floating eye.
The floating eye is severely wounded.
The kobold demonologist hits you with a +0 dagger.
* * * LOW HITPOINT WARNING * * *
The kobold demonologist hits you but does no damage.
The chaos spawn hits you!
You die...

####################
'..#.)'..#__#..4@K5#
#.)'..#..'^.'..#KG5#
##'#####'#__####55.+
#..#...#.#### #####
####..##.#
___##'#_.+
∩...'..._#
.__##_.#'#
___###+#.#


You could see 2 kobold demonologists, a chaos spawn, a floating eye, an iron
imp, 2 crimson imps and a shadow imp.

Vanquished Creatures
  A slime creature (D)
  A yak (D)
  Sigmund (D)
  An ogre (D)
  A jelly (D)
  Ijyb (D)
6 creatures vanquished.

Notes
Turn   | Place    | Note
-------+----------+-------------------------------------------
     0 | D        | Kobolds4U the Spriggan Assassin began the quest for the
                  | Orb.
     0 | D        | Reached XP level 1. HP: 10/10 MP: 2/2
     1 | D        | Noticed Ijyb
    44 | D        | Killed Ijyb
    44 | D        | Reached skill level 10 in Stealth
    44 | D        | Reached XP level 2. HP: 11/14 MP: 3/3
   133 | D        | Noticed an ogre
   136 | D        | Killed an ogre
   136 | D        | Reached skill level 14 in Stealth
   136 | D        | Reached XP level 3. HP: 18/18 MP: 4/4
   136 | D        | Reached XP level 4. HP: 22/22 MP: 5/5
   138 | D        | Noticed Sigmund
   141 | D        | Killed Sigmund
   141 | D        | Reached skill level 17 in Stealth
   141 | D        | Reached XP level 5. HP: 25/25 MP: 6/6
   164 | D        | Found an ornate altar of the Wu Jian Council.
   164 | D        | Found a deep blue altar of Sif Muna.
   166 | D        | Found a radiant altar of Vehumet.
   170 | D        | Reached XP level 6. HP: 30/30 MP: 7/7
   192 | D        | Found Fosiebur's Weapon Emporium.
   192 | D        | Found an ancient bone altar of Kikubaaqudgha.
   192 | D        | Found a hazy altar of Hepliaklqana.
   192 | D        | Found a stormy altar of Qazlal.
   192 | D        | Found a hide-covered altar of Uskayaw.
   192 | D        | Found a blossoming altar of Fedhas.
   192 | D        | Found a bloodstained altar of Trog.
   192 | D        | Found an iron altar of Okawaru.
   192 | D        | Found a basalt altar of Yredelemnul.
   192 | D        | Found a glowing golden altar of the Shining One.
   192 | D        | Found a snail-covered altar of Cheibriados.
   192 | D        | Found a sacrificial altar of Ru.
   192 | D        | Found a glowing silver altar of Zin.
   192 | D        | Found a shadowy altar of Dithmenos.
   192 | D        | Found a white marble altar of Elyvilon.
   192 | D        | Noticed a yak
   193 | D        | Found an opulent altar of Gozag.
   194 | D        | Killed a yak
   194 | D        | Reached skill level 19 in Stealth
   195 | D        | Found a sparkling altar of Nemelex Xobeh.
   200 | D        | Became a worshipper of Warmaster Okawaru
   214 | D        | Found a viscous altar of Jiyva.
   214 | D        | Found a corrupted altar of Lugonu.
   214 | D        | Noticed a slime creature
   215 | D        | Found a burning altar of Makhleb.
   215 | D        | Found a shimmering altar of Xom.
   217 | D        | Killed a slime creature
   217 | D        | Reached skill level 21 in Stealth
   217 | D        | Reached XP level 7. HP: 33/33 MP: 8/8
   229 | D        | Noticed a kobold demonologist
   230 | D        | Noticed a kobold demonologist
   233 | D        | Paralysed by a floating eye for 4 turns
   237 | D        | Noticed a chaos spawn
   240 | D        | Mangled by a chaos spawn

Skill      XL: |  1  2  3  4  5  6 |
---------------+-------------------+-----
Stealth        | 10 14 17 21 | 21.0
Dodging        | 6 |  6.7
Fighting       | |  1.5
Short Blades   | |  2.1
Throwing       | |  2.0

Action                   |  1- 3 |  4- 6 |  7- 9 || total
-------------------------+-------+-------+-------++-------
Melee: Dagger            |     2 |     4 |     5 ||    11
 Fire: Blowgun           |     9 |       |       ||     9
 Stab: Sleeping          |     1 |     4 |       ||     5
Armor: Robe              |     1 |       |     2 ||     3
Dodge: Dodged            |     3 |       |     3 ||     6
